Unix NetHack Version 7.0.0 - last build May 18 2022 16:02:46 (1ef854df9bee93650ee6de33306337005608cf07). Game began 2022-05-26 09:05:55, ended 2022-05-26 09:11:35. Raisse, neutral female gnomish Wizard ---------- ----- |.......>.#######----- |....# |........| ###....| #----------- #..%<|# |........| #|...+ ##..........| #|...| |.......d+ |...| #|..".......# #----- |........| |....####|.........|# ### -.---.---- ----- #|.........|# # # |.........|# # # # -----------# # ################## # ## # ########## # # ## ############ # -----.---------- #---.----# |.........%.G..| #|.......# |...........f..| #.......| |..............| |......| |..............| -------- ---------------- Raisse the Conjurer St:9 Dx:12 Co:14 In:19 Wi:11 Ch:11 Neutral Dlvl:3 $:53 HP:0(19) Pw:21(21) AC:7 Xp:3/54 T:1153 Latest messages: What do you want to eat? [imrT or ?*] i This lichen corpse tastes okay. You no longer feel hungry. You finish eating the lichen corpse. You swap places with Poes. A cave spider was hidden under a scroll labeled PRATYAVAYAH! The cave spider bites! You miss the cave spider. The cave spider bites! Poes misses the cave spider. You miss the cave spider. Poes bites the cave spider. The cave spider is killed! z - a scroll labeled PRATYAVAYAH {5}. You stumble into a spider web! You are stuck to the web. You disentangle yourself. You stop. Poes doesn't want to swap places. You stop. Poes doesn't want to swap places. You swap places with Poes. You swap places with Poes. You hear a pick striking rock. You swap places with Poes. You swap places with Poes. Poes misses the yellow mold. Poes staggers... Poes bites the yellow mold. The yellow mold is killed! Poes bites! You swap places with Poes. You see here a yellow mold corpse. Poes bites! Poes bites! What do you want to throw? [$ln or ?*] * In what direction? b Poes catches the tripe ration. Poes eats a tripe ration. Pick an object. Talk to whom? (in what direction) b Poes is eating noisily. Poes picks up a yellow mold corpse. Poes drops a yellow mold corpse. Poes bites! Poes bites! You die... Do you want your possessions identified? [ynq] (y) y Do you want to see your attributes? [ynq] (y) y Do you want an account of creatures vanquished? [ynaq] (y) y Do you want to see your conduct and achievements? [ynq] (y) y Do you want to see the dungeon overview? [ynq] (y) y Major events: Turn 1: Raisse the neutral female gnomish Wizard entered the dungeon 49: became literate by reading a book 129: hit with a wielded weapon for the first time 129: killed for the first time 312: gained experience level 2 476: entered new level 2, The Dungeons of Doom 742: attained the rank of Conjurer (level 3) 744: ate for the first time - giant rat corpse 744: consumed animal products for the first time, by eating a giant rat corpse 939: entered new level 3, The Dungeons of Doom 1033: entered new level 4, The Dungeons of Doom Inventory: Inventory: 195/625 weight (18/52 slots) Coins $ - 53 gold pieces {1} Weapons a - an uncursed +0 orcish dagger (weapon in hand) {10} l - a blessed +1 quarterstaff (alternate weapon; not wielded) {40} n - an uncursed +1 stone orcish dagger {8} Armor C - an uncursed +0 cloak of magic resistance (being worn) {8} H - an uncursed +0 stone orcish helm (being worn) {20} Comestibles m - an uncursed cream pie {10} r - an uncursed pancake {2} T - an uncursed tripe ration {10} Scrolls q - a cursed scroll of identify {5} s - a cursed scroll of enchant weapon {5} w - an uncursed scroll of taming {5} x - an uncursed scroll of scare monster {5} y - an uncursed scroll of light {5} z - a blessed scroll of enchant weapon {5} Spellbooks h - an uncursed spellbook of confuse monster {40} Wands k - an uncursed wand of slow monster (0:4) {7} o - an uncursed wand of polymorph (0:4) {7} Tools g - an uncursed blindfold {2} Raisse the Wizard's attributes: Background: You were a Conjurer, a level 3 female gnomish Wizard. You were neutral, nominally on a mission for Thoth who was opposed by Ptah (lawful) and Anhur (chaotic). You were bisexual. You were in the Dungeons of Doom, on level 3. You entered the dungeon 1153 turns ago. You had 54 experience points, 26 more were needed to attain level 4. Basics: You had 0 out of 19 hit points. You had all 21 energy points (spell power). Your armor class was 7. Your wallet contained 53 zorkmids. Autopickup was on for '$!?/"=+' plus thrown, with exceptions. Final Characteristics: Your strength was 9 (limit:18/50). Your dexterity was 12 (limit:18). Your constitution was 14 (limit:18). Your intelligence was 19 (limit:19). Your wisdom was 11 (limit:18). Your charisma was 11 (limit:18). Final Status: You were not hungry. You were unencumbered. You were wielding a dagger. You were unskilled in dagger. Final Attributes: You were fervently aligned. You were magic-protected. You had infravision. You were warded. You are dead. Miscellaneous: You never encountered a bones level. Total elapsed playing time was 5 minutes and 39 seconds. Vanquished creatures: a gas spore a large kobold a hobgoblin 2 giant rats a cave spider a yellow mold 2 green molds 2 geckos 2 jackals a fox 3 goblins a grid bug 3 lichens 4 newts 25 creatures vanquished. No species were genocided or became extinct. Voluntary challenges: You were an atheist. You read items or engraved 5 times. You never genocided any monsters. You never polymorphed an object. You never changed form. You never touched an artifact. You used no wishes. You never scared an enemy with impunity. You were celibate. You never generated conflict. Achievement: You attained the rank of Conjurer. The Dungeons of Doom: levels 1 to 4 Level 1: A fountain, a tree. Level 2: A fountain. Level 3: <- You were here. Final resting place for you, killed by a kitten called Poes. Level 4: Game over: __________ / \ / REST \ / IN \ / PEACE \ / \ | Raisse | | 53 Au | | killed by a | | kitten called | | Poes | | | | 2022 | *| * * * | * _________)/\\_//(\/(/\)/\//\/|_)_______ Goodbye Raisse the Wizard... You died in The Dungeons of Doom on dungeon level 3 with 434 points, and 53 pieces of gold, after 1153 moves. You were level 3 with a maximum of 19 hit points when you died.